 Dungeon Crawl Stone Soup version 0.17-a0-854-g4a4ba72 (webtiles) character file.

112361 panicbit the Severer (level 16, -12/149 HPs)
             Began as a Minotaur Fighter on Apr 26, 2015.
             Was the Champion of Okawaru.
             Killed from afar by an orc sorcerer (19 damage)
             ... with a bolt of negative energy
             ... on level 4 of the Orcish Mines on Apr 28, 2015.
             The game lasted 04:34:25 (25734 turns).

panicbit the Severer (Minotaur Fighter)            Turns: 25734, Time: 04:34:25

Health: -12/149    AC: 39    Str: 25    XL:     16   Next: 11%
Magic:  12/18      EV: 15    Int:  5    God:    Okawaru [******]
Gold:   2275       SH: 24    Dex: 15    Spells: 0 memorised, 15 levels left

rFire  . . .     SeeInvis .     M - +6 war axe of Huggil {drain, +Fly Stlth+}
rCold  + . .     Clarity  .     O - +6 plate armour {rC+}
rNeg   . . .     SustAb   .     s - +0 large shield
rPois  +         Gourm    .     N - +2 hat
rElec  .         Spirit   .     F - +2 cloak {rPois}
rCorr  .         Warding  .     A - +2 pair of gloves
rMut   .         Stasis   .     V - +4 pair of boots of Brilliance {Str+2 Stlth+}
MR     +....                    (no amulet)
Stlth  +.........               m - +2 ring of evasion
                                f - ring of poison resistance

@: heroism, finesse, drained, somewhat resistant to hostile enchantments, very
unstealthy
A: retaliatory headbutt, horns 2
a: Heroism, Finesse, Renounce Religion, Evoke Flight


You were on level 4 of the Orcish Mines.
You worshipped Okawaru.
Okawaru was exalted by your worship.
You were not hungry.

You visited 3 branches of the dungeon, and saw 27 of its levels.

You collected 2432 gold pieces.
You spent 157 gold pieces at shops.

Inventory:

Hand weapons
 M - the +6 war axe of Huggil (weapon) {drain, +Fly Stlth+}
   (You found it on level 8 of the Dungeon)

   A truly terrible weapon, it drains the life of those it strikes.
   It lets you fly.
   It makes you more stealthy.
 W - a +0 morningstar
Armour
 s - a +0 large shield (worn)
 A - a +2 pair of gloves (worn)
 F - a +2 cloak of poison resistance (worn)
 N - a +2 hat (worn)
 O - a +6 plate armour of cold resistance (worn)
 V - the +4 pair of boots of Brilliance (worn) {Str+2 Stlth+}
   (Okawaru gifted it to you on level 15 of the Dungeon)

   It affects your strength (+2).
   It makes you more stealthy.
Jewellery
 b - an uncursed ring of teleport control
 f - a ring of poison resistance (left hand)
 m - a +2 ring of evasion (right hand)
 w - an uncursed ring of protection from magic
 y - an uncursed ring of see invisible
 z - an uncursed ring of stealth
 T - an uncursed amulet of stasis
 X - a +2 ring of dexterity
 Y - an uncursed amulet of guardian spirit
 Z - an uncursed ring of positive energy
Scrolls
 i - 5 scrolls of remove curse
 o - 8 scrolls of teleportation
 x - a scroll of fear
 G - 3 scrolls of magic mapping
 I - 3 scrolls of fog
 J - a scroll of summoning
 K - 3 scrolls of blinking
 P - 4 scrolls of recharging
Potions
 d - 2 potions of magic {unknown}
 g - 2 potions of haste
 j - 2 potions of mutation {unknown}
 n - 2 potions of agility
 q - 2 potions of cancellation {unknown}
 u - 6 potions of curing
 B - a potion of invisibility {unknown}
 C - a potion of ambrosia {unknown}
 D - 4 potions of heal wounds
 L - a potion of restore abilities {unknown}
 R - a potion of flight {unknown}
Comestibles
 a - 4 chunks of flesh
 e - 12 bread rations
 l - 8 meat rations
 p - 4 beef jerkies
 Q - 7 royal jellies
 S - 5 slices of pizza


   Skills:
 + Level 15.5(19.8) Fighting
 + Level 18.4(22.6) Axes
 + Level 4.0(17.2) Maces & Flails
 + Level 13.9(18.1) Armour
 + Level 7.8(12.1) Dodging
 + Level 2.5(6.9) Stealth
 + Level 16.6(20.7) Shields
 + Level 4.2(3.6) Invocations


You had 15 spell levels left.
You didn't know any spells.

Dungeon Overview and Level Annotations

Branches:
Dungeon (15/15)            Temple (0/1) D:6            Lair (8/8) D:9
 Shoals (0/5) Lair:5       Spider (0/5) Lair:5        Slime (0/6) Lair:8
    Orc (4/4) D:10            Elf (0/3) Orc:4        Vaults (0/5) D:13
 Depths (0/5) D:15

Altars:
Dithmenos
Gozag
Okawaru
Qazlal
Sif Muna
Trog
Vehumet
Xom
The Shining One
Beogh
Jiyva

Shops:
D:14 [   Orc:4 [

Annotations:
D:3 Grinder
D:7 1 exclusion
D:14 exclusion: 2 ice statues


Innate Abilities, Weirdness & Mutations

You reflexively headbutt those who attack you in melee.
You have a pair of horns on your head.


Message History

The orc sorcerer mumbles some strange words.
You block the orc high priest's attack. The orange demon misses you.
You hear a chilling moan.
You hit the soul eater but do no damage.
The soul eater is severely wounded.
You hit the sun demon.
The sun demon is severely wounded.
You slash the orc knight!
The orc knight is moderately wounded.
The soul eater hits you but does no damage.
The orc high priest mumbles some strange prayers to Beogh against you.
Something smites you!
* * * LOW HITPOINT WARNING * * *
The orc sorcerer points at you and mumbles some strange words.
The bolt of negative energy hits the orange demon.
The orange demon completely resists.
The bolt of negative energy hits the sun demon.
The sun demon completely resists.
The bolt of negative energy hits you!
You feel drained.
You die... ### #.... ###...... #..o..... ##oo4o4... ##Z4oooZ§... #.3o3ooZ.... ##.@3#.Z..... #...## oo...

#...## .###
#.((.### #
##..†..#######
##..........## ###
##..........###
###.##
#####..........###
## ##....#
#...##...))))....#.


You could see 3 orc knights, 2 soul eaters, 2 orc high priests, a sun demon, an
orange demon, a rust devil, 3 orc sorcerers, a red devil, an orc warrior
(frenzied), an orc priest (frenzied), an orc zombie and 2 rat skeletons.

Vanquished Creatures
  Gastronok (Lair:2)
  An orc warlord (Orc:4)
  2 ettins
  4 vault guards (D:13)
  7 hydras
  An ogre mage (D:15)
  2 catoblepae
  7 centaur warriors
  Erica (D:8)
  12 death yaks
  Urug (D:11)
  Sonja (Lair:3)
  An unseen horror (D:12)
  6 hill giants
  7 orc knights
  Pikel (D:7)
  2 wizards
  4 orc sorcerers
  14 ugly things
  2 manticores
  3 griffons
  Maurice (D:8)
  14 elephants
  Joseph (D:9)
  5 black mambas
  2 gargoyles
  A torpor snail (Lair:4)
  20 spiny frogs
  3 fire drakes
  A kobold demonologist (D:14)
  5 komodo dragons
  A yaktaur (D:15)
  A freezing wraith (D:15)
  A deep elf priest (D:15)
  A spriggan druid (Lair:8)
  7 trolls
  A wolf spider simulacrum (D:14)
  2 tengu conjurers
  14 polar bears
  Prince Ribbit (D:9)
  A boulder beetle (Lair:4)
  15 blink frogs
  4 ravens (D:14)
  A queen bee (D:9)
  2 two-headed ogres (D:15)
  4 trapdoor spiders
  14 slime creatures
  4 wyverns
  4 centaur simulacra (D:14)
  4 redbacks (Lair:8)
  9 spriggans (Lair:8)
  2 water elementals (D:14)
  4 deep elf magi
  A fire bat (shapeshifter) (D:14)
  44 yaks
  7 hippogriffs
  3 vampire mosquitoes (D:15)
  Grum (D:8)
  A deep elf fighter (D:13)
  A shadow (D:14)
  A human (D:13)
  3 hungry ghosts
  13 water moccasins
  2 basilisks
  38 wolves
  A mottled dragon (D:12)
  13 porcupines
  3 sky beasts
  33 orc warriors
  3 wasps (Lair:8)
  12 black bears
  3 necrophages
  12 crocodiles
  3 slaves (D:7)
  18 ogres
  An eye of draining (D:15)
  7 ice beasts
  4 phantoms
  14 centaurs
  2 boring beetles (Lair:8)
  A gnoll sergeant (D:8)
  16 giant frogs
  A wyvern skeleton (D:10)
  4 scorpions
  4 big kobolds
  A scorpion (shapeshifter) (D:14)
  17 killer bees (D:9)
  5 wights (D:8)
  6 crimson imps
  4 centaur zombies
  4 giant frog zombies
  7 hounds
  4 centaur skeletons
  3 giant frog skeletons
  3 jellies
  19 orc priests
  11 iguanas
  23 orc wizards
  A wyvern simulacrum (D:14)
  Jessica (D:2)
  10 worker ants
  17 sheep
  A killer bee zombie (D:8)
  Robin (D:3)
  4 gnolls (D:8)
  14 adders
  36 river rats
  3 shadow imps
  A white imp (D:14)
  2 oozes
  5 ufetubi (D:14)
  A worm (shapeshifter) (D:15)
  An adder zombie (D:9)
  2 worms
  7 giant geckos
  186 orcs
  3 ball pythons
  15 bats
  A bat skeleton (D:7)
  A bat zombie (D:5)
  8 giant cockroaches
  32 goblins
  23 hobgoblins
  13 jackals
  28 kobolds
  3 quokkas
  A giant gecko skeleton (D:4)
  A giant gecko zombie (D:7)
  6 giant newts
  A giant spore (D:9)
  14 rats
  2 ballistomycetes (D:9)
  4 fungi
1056 creatures vanquished.

Vanquished Creatures (others)
  A wizard (D:15)
  A polar bear (D:9)
  A hippogriff (D:9)
  A yak (D:9)
  A slave (D:7)
  A black bear (D:9)
  Crazy Yiuf (D:7)
  3 fungi (Lair:5)
  2 plants
12 creatures vanquished.

Grand Total: 1068 creatures vanquished

Notes
Turn   | Place    | Note
--------------------------------------------------------------
     0 | D:1      | panicbit, the Minotaur Fighter, began the quest for the Orb.
     0 | D:1      | Reached XP level 1. HP: 19/19 MP: 0/0
   276 | D:1      | Reached XP level 2. HP: 27/27 MP: 1/1
   383 | D:1      | Reached skill level 4 in Shields
   670 | D:2      | Reached XP level 3. HP: 28/33 MP: 2/2
   900 | D:2      | panicbit: Hi :)
  1117 | D:2      | Reached XP level 4. HP: 41/41 MP: 3/3
  1134 | D:2      | Found a shadowy altar of Dithmenos.
  1190 | D:2      | Reached skill level 1 in Dodging
  1225 | D:2      | Noticed Jessica
  1229 | D:2      | Killed Jessica
  1407 | D:2      | Reached XP level 5. HP: 47/47 MP: 4/4
  1588 | D:3      | Reached skill level 5 in Shields
  1751 | D:3      | Noticed Robin
  1763 | D:3      | Killed Robin
  2288 | D:3      | Noticed Grinder
  2289 | D:3      | Paralysed by Grinder for 4 turns
  2426 | D:3      | Paralysed by Grinder for 3 turns
  2531 | D:4      | Reached XP level 6. HP: 40/53 MP: 5/5
  2725 | D:4      | Found a glowing golden altar of the Shining One.
  2844 | D:4      | Found a shimmering altar of Xom.
  2860 | D:4      | HP: 2/55 [orc priest/divine providence (15)]
  3213 | D:4      | Reached skill level 5 in Axes
  3263 | D:5      | Entered Level 5 of the Dungeon
  3313 | D:5      | Reached skill level 5 in Fighting
  3344 | D:5      | Reached skill level 5 in Armour
  3359 | D:5      | Reached XP level 7. HP: 39/61 MP: 6/6
  3364 | D:5      | Reached skill level 6 in Shields
  3748 | D:5      | Found an opulent altar of Gozag.
  3940 | D:5      | Found a bloodstained altar of Trog.
  3987 | D:5      | Found a stormy altar of Qazlal.
  3987 | D:5      | Found an iron altar of Okawaru.
  4413 | D:5      | Became a worshipper of Warmaster Okawaru
  4480 | D:6      | Found a staircase to the Ecumenical Temple.
  4495 | D:6      | Found a radiant altar of Vehumet.
  5077 | D:7      | Found a deep blue altar of Sif Muna.
  5150 | D:7      | Upgraded the game from 0.17-a0-802-g1f09329 to 0.17-a0-848-g7e5c6af
  5175 | D:7      | Acquired Okawaru's first power
  5175 | D:7      | Reached XP level 8. HP: 27/70 MP: 7/7
  5416 | D:7      | Reached skill level 7 in Armour
  5461 | D:7      | Noticed Pikel
  5479 | D:7      | Killed Pikel
  5545 | D:7      | Killed Crazy Yiuf
  5827 | D:7      | Reached skill level 8 in Armour
  6005 | D:7      | Reached XP level 9. HP: 68/78 MP: 8/8
  6776 | D:8      | Noticed Maurice
  6777 | D:8      | Paralysed by Maurice for 2 turns
  6832 | D:8      | Noticed Grum
  6847 | D:8      | Killed Grum
  6863 | D:8      | Paralysed by Maurice for 3 turns
  6874 | D:8      | Paralysed by something for 2 turns
  7103 | D:8      | Paralysed by Maurice for 2 turns
  7108 | D:8      | Killed Maurice
  7289 | D:8      | Reached skill level 9 in Armour
  7317 | D:8      | Noticed Erica
  7330 | D:8      | Killed Erica
  7330 | D:8      | Reached skill level 1 in Invocations
  7710 | D:8      | Reached XP level 10. HP: 88/88 MP: 9/9
  7912 | D:8      | Got a pitted war axe
  7913 | D:8      | Identified the +6 war axe of Huggil {drain, +Fly Stlth+} (You found it on level 8 of the Dungeon)
  8370 | D:9      | Noticed Joseph
  8381 | D:9      | Killed Joseph
  8432 | D:9      | Reached skill level 5 in Dodging
  8758 | D:9      | Received a gift from Okawaru
  8784 | D:9      | Reached skill level 10 in Shields
  8802 | D:9      | Reached skill level 10 in Axes
  8875 | D:9      | Noticed Prince Ribbit
  8895 | D:9      | Killed Prince Ribbit
  8895 | D:9      | Reached skill level 10 in Armour
  9006 | D:9      | Found a staircase to the Lair.
  9084 | D:9      | Found a huge runed gate.
  9084 | D:9      | Found a huge runed gate.
  9084 | D:9      | Found a huge runed gate.
  9084 | D:9      | Found a huge runed gate.
  9084 | D:9      | Noticed a griffon
  9101 | D:9      | Killed a griffon
  9105 | D:9      | Acquired Okawaru's second power
  9106 | D:9      | Reached XP level 11. HP: 63/97 MP: 8/11
  9109 | D:9      | Received a gift from Okawaru
  9410 | D:10     | Entered Level 10 of the Dungeon
  9429 | D:10     | Reached skill level 11 in Axes
  9554 | D:10     | Found a roughly hewn altar of Beogh.
  9554 | D:10     | Found a staircase to the Orcish Mines.
  9930 | D:10     | Noticed a hill giant
  9949 | D:10     | Killed a hill giant
  9968 | D:10     | Noticed a hill giant
  9974 | D:10     | Killed a hill giant
 10229 | D:10     | Reached skill level 10 in Fighting
 10680 | D:11     | Noticed Urug
 10695 | D:11     | Killed Urug
 10695 | D:11     | Reached skill level 12 in Axes
 10824 | D:11     | Reached skill level 1 in Stealth
 11099 | D:11     | Noticed a hill giant
 11108 | D:11     | Killed a hill giant
 11122 | D:11     | Reached XP level 12. HP: 80/108 MP: 12/12
 11314 | D:12     | Noticed a four-headed hydra
 11330 | D:12     | Killed a 15-headed hydra
 11330 | D:12     | Reached skill level 13 in Axes
 11850 | D:13     | Received a gift from Okawaru
 12057 | D:13     | Noticed a vault guard
 12074 | D:13     | Noticed a vault guard
 12078 | D:13     | Noticed a vault guard
 12089 | D:13     | Killed a vault guard
 12090 | D:13     | Paralysed by an orc sorcerer for 6 turns
 12167 | D:13     | Killed a vault guard
 12457 | D:13     | Found a gate to the Vaults.
 12457 | D:13     | Noticed a vault guard
 12491 | D:13     | Killed a vault guard
 12515 | D:13     | Killed a vault guard
 12515 | D:13     | Received a gift from Okawaru
 12515 | D:13     | Reached skill level 14 in Axes
 12582 | D:13     | Noticed a four-headed hydra
 12582 | D:13     | Upgraded the game from 0.17-a0-848-g7e5c6af to 0.17-a0-854-g4a4ba72
 12591 | D:13     | Killed a four-headed hydra
 12617 | D:14     | HP: 4/112 [shadow imp/nerve-wracking pain (4)]
 13164 | D:14     | Found a frozen archway.
 13192 | D:13     | Reached XP level 13. HP: 25/118 MP: 12/14
 13204 | D:13     | HP: 4/118 [purple ugly thing (11)]
 13213 | D:13     | Reached skill level 1 in Maces & Flails
 14213 | D:14     | Noticed a centaur warrior
 14224 | D:14     | Killed a centaur warrior
 14647 | D:14     | Noticed a centaur warrior
 14675 | D:14     | Killed a centaur warrior
 14711 | D:14     | Found Mamumpal's Antique Armour Boutique.
 14723 | D:14     | Bought a pair of glowing gloves for 157 gold pieces
 14761 | D:14     | Received a gift from Okawaru
 14977 | D:14     | Received a gift from Okawaru
 14991 | D:14     | Got a bloodstained shield {god gift}
 15002 | D:14     | Identified the -4 shield of panicbit's Courage {rC+ MP-9 Str+4} (Okawaru gifted it to you on level 14 of the Dungeon)
 15537 | D:15     | Entered Level 15 of the Dungeon
 15937 | D:15     | Reached skill level 15 in Axes
 16064 | D:15     | Reached XP level 14. HP: 106/129 MP: 16/16
 16095 | D:15     | Found a staircase to the Depths.
 16662 | D:15     | Received a gift from Okawaru
 16670 | D:15     | Got a pair of polished boots {god gift}
 16681 | D:15     | Identified the +4 pair of boots of Brilliance {Str+2 Stlth+} (Okawaru gifted it to you on level 15 of the Dungeon)
 17273 | Lair:1   | Entered Level 1 of the Lair of Beasts
 18186 | Lair:2   | Noticed Gastronok
 18203 | Lair:2   | Killed Gastronok
 18203 | Lair:2   | Reached skill level 16 in Axes
 18623 | Lair:3   | Noticed Sonja
 18637 | Lair:3   | Killed Sonja
 18910 | Lair:3   | Found a shimmering altar of Xom.
 19276 | Lair:4   | Received a gift from Okawaru
 19355 | Lair:4   | Reached skill level 15 in Shields
 19767 | Lair:5   | Reached XP level 15. HP: 122/139 MP: 17/17
 19984 | Lair:5   | Found a hole to the Spider Nest.
 20014 | Lair:5   | Reached skill level 17 in Axes
 20078 | Lair:5   | Found a staircase to the Shoals.
 21488 | Lair:7   | Received a gift from Okawaru
 21538 | Lair:7   | Found a bloodstained altar of Trog.
 22382 | Lair:8   | Entered Level 8 of the Lair of Beasts
 22713 | Lair:8   | Reached skill level 15 in Fighting
 22714 | Lair:8   | Received a gift from Okawaru
 22776 | Lair:8   | Got a bloodstained war axe
 23061 | Lair:8   | Received a gift from Okawaru
 23080 | Lair:8   | Identified the +7 war axe of Aqor {elec, *Rage rPois Str+6 Int+3} (You found it on level 8 of the Lair of Beasts)
 23307 | Lair:8   | Reached skill level 18 in Axes
 23505 | Lair:8   | Found a viscous altar of Jiyva.
 23506 | Lair:8   | Found a staircase to the Slime Pits.
 24084 | Orc:1    | Entered Level 1 of the Orcish Mines
 25121 | Orc:3    | Reached XP level 16. HP: 143/149 MP: 18/18
 25308 | Orc:4    | Entered Level 4 of the Orcish Mines
 25621 | Orc:4    | Found a glowing golden altar of the Shining One.
 25653 | Orc:4    | Found Heifus's Armour Boutique.
 25680 | Orc:4    | Found a staircase to the Elven Halls.
 25734 | Orc:4    | HP: 7/149 [orc high priest/divine providence (17)]
 25734 | Orc:4    | Killed from afar by an orc sorcerer

Action                   |  1- 3 |  4- 6 |  7- 9 | 10-12 | 13-15 | 16-18 || total
-------------------------+-------+-------+-------+-------+-------+-------++-------
Melee: War axe           |    65 |   212 |   306 |   567 |  1181 |   119 ||  2450
       Morningstar       |       |       |       |    54 |   156 |       ||   210
Invok: Heroism           |       |       |     3 |    13 |     6 |     1 ||    23
       Finesse           |       |       |       |     2 |     2 |     1 ||     5
  Use: Potion            |       |     1 |     1 |       |     1 |       ||     3
       Scroll            |       |     1 |       |     5 |    31 |       ||    37
 Stab: Petrified         |       |       |       |       |     5 |       ||     5
  Eat: Chunk             |     1 |     6 |    12 |    12 |    29 |     2 ||    62
       Pizza             |       |     1 |       |       |       |       ||     1
       Beef jerky        |       |       |     2 |       |     1 |       ||     3
       Fruit             |       |       |     2 |    10 |     2 |       ||    14
       Royal jelly       |       |       |       |       |     3 |       ||     3
